 Dungeon Crawl Stone Soup version 0.30.1-3-gfc49f6343a (webtiles) character file.

Game seed: 569198576129087239

12 GeoRichter the Grasshopper (level 2, -3/26 HPs)
             Began as a Demigod Warper on July 24, 2023.
             Succumbed to an adder's poison
             ... on level 2 of the Dungeon.
             The game lasted 00:01:01 (820 turns).

GeoRichter the Grasshopper (Demigod Warper)          Turns: 820, Time: 00:01:02

Health: -3/26      AC:  4    Str: 12    XL:     2   Next: 9%
Magic:  7/7        EV: 11    Int: 15    God:
Gold:   33         SH:  0    Dex: 13    Spells: 4/4 levels left

rFire   . . .        a - +0 falchion
rCold   . . .        (no shield)
rNeg    . . .        b - +0 leather armour
rPois   +            o - +0 helmet
rElec   .            (no cloak)
rCorr   .            (no gloves)
SInv    .            (no boots)
Will    .....        (no amulet)
Stlth   +            (no ring)
HPRegen 0.24/turn    (no ring)
MPRegen 0.10/turn

%: no passive effects
@: lethally poisoned (-3 -> -21)
A: high MP 1, forlorn, divine attributes, poison resistance, robust 1
a: no special abilities


You were on level 2 of the Dungeon.
You visited 1 branch of the dungeon, and saw 2 of its levels.

You collected 33 gold pieces.

Inventory:

Hand Weapons
 a - a +0 falchion (weapon)
Missiles
 d - 7 boomerangs of dispersal {!f}
 n - a javelin (quivered)
Armour
 b - a +0 leather armour (worn)
 o - a +0 helmet (worn)
   (You found it on level 2 of the Dungeon)
Scrolls
 c - a scroll of blinking
 e - 2 scrolls of teleportation {unknown}
 h - a scroll of fear {unknown}
 i - 2 scrolls of poison {unknown}
 k - a scroll of enchant armour {unknown}
Potions
 f - 2 potions of mutation {!q}
 g - 2 potions of invisibility {unknown}
 j - 2 potions of brilliance {unknown}
 l - a potion of might {unknown}


   Skills:
 - Level 1.7 Fighting
 * Level 2.6 Long Blades
 - Level 0.8 Throwing
 - Level 0.8 Armour
 - Level 1.7 Dodging
 - Level 1.7 Spellcasting
 - Level 2.6 Translocations


You had 4 spell levels left.
You didn't know any spells.
Your spell library contained the following spells:

 Spells                   Type           Power      Damage    Failure   Level
 Blink                    Tloc           18%        N/A       14%         2
 Lesser Beckoning         Tloc           18%        N/A       14%         2
 Teleport Other           Tloc           9%         N/A       28%         3
 Vhi's Electric Charge    Tloc/Air       10%        N/A       45%         3
 Summon Guardian Golem    Hex/Summ       1%         N/A       65%         3
 Manifold Assault         Tloc           9%         N/A       67%         4
 Orb of Destruction       Conj           0%         9d5       100%        7
 Spellforged Servitor     Conj/Summ      0%         N/A       100%        7


Dungeon Overview and Level Annotations

Branches:
Dungeon (2/15) Zot: 11172


Innate Abilities, Weirdness & Mutations

You have an increased reservoir of magic. (+10% MP)
You shall have no god before yourself.
Your divine heritage dramatically boosts your attributes as you level up.
Your system is resistant to poisons. (rPois)
You are robust. (+10% HP)


Message History

You hit the dart slug but do no damage.
The dart slug is lightly wounded.
The dart slug barely misses you.
You hit the dart slug.
The dart slug is moderately wounded.
The dart slug misses you.
You hit the dart slug.
The dart slug is severely wounded.
You hit the dart slug.
You kill the dart slug!
You have reached level 2!
You drop a scarf of harm.
A bat and an adder come into view.
Found a dagger and a robe.
You throw a javelin. The javelin misses the adder.
You throw a javelin. The javelin pierces through the bat!
You kill the bat!
The javelin pierces through the adder but does no damage.
A frilled lizard comes into view.
Found 21 gold pieces.
Found a stone staircase leading up.
The adder barely misses you. x2
You closely miss the adder.
The frilled lizard hisses angrily.
You hear a shout!
The adder bites you.
You are poisoned.
The adder poisons you!
A goblin comes into view. It is wielding a +0 flail.
You barely miss the adder.
You feel sick. The adder misses you. The adder barely misses you.
You completely miss the adder.
You feel sick. The adder bites you. The adder attacks as you move away!
The adder bites you but does no damage.
You feel sick. The adder bites you but does no damage.
You closely miss the adder.
You feel sick. The adder bites you.
You are more poisoned.
The adder poisons you!
You miss the adder.
You feel sick. The adder bites you.
* * * LOW HITPOINT WARNING * * *
The adder bites you but does no damage.
You hit the adder.
The adder is heavily wounded.
You feel sick. The adder bites you.
* * * LOW HITPOINT WARNING * * *
You are more poisoned.
The adder poisons you! The adder bites you.
* * * LOW HITPOINT WARNING * * *
You are more poisoned.
The adder poisons you!
It was a potion of mutation.
You feel extremely strange.
You feel resistant to poisons.
You feel robust.
You die...

...... .([(.. ......
......# .......
....... .)....†###
......gS.# .
$......#@## ##.
...<..##..# ...
.....# #..#####.#
.$... ##..##...#
...# ##....## # ....
#..#####[..##### ##
#.# #.............##
##. #.#
####.######....###..
#.# .. ## ###.......


You could see an adder and a goblin.

Vanquished Creatures
  A dart slug (D:2)
  An endoplasm (D:2)
  A goblin (D:2)
  A hobgoblin (D:2)
  2 jackals (D:2)
  A ball python (D:1)
  A bat (D:2)
  2 rats (D:1)
10 creatures vanquished.

Notes
Turn   | Place    | Note
-------+----------+-------------------------------------------
     0 | D:1      | GeoRichter the Demigod Warper began the quest for the Orb.
     0 | D:1      | Reached XP level 1. HP: 17/17 MP: 5/5
   802 | D:2      | Reached XP level 2. HP: 24/24 MP: 7/7
   820 | D:2      | Gained mutation: Your system is resistant to poisons.
                  | (rPois) [potion of mutation]
   820 | D:2      | Gained mutation: You are robust. (+10% HP) [potion of
                  | mutation]
   820 | D:2      | Succumbed to an adder's poison

Illustrated notes

Levels and vault maps discovered:
D:1:      moated_graveyard_arrival, layout_basic
D:2:      layout_rooms, uniq_jessica

Skill      XL: |  1 |
---------------+----+-----
Long Blades    | 2 |  2.6
Fighting       | |  1.7
Throwing       | |  0.8
Armour         | |  0.8
Dodging        | |  1.7
Spellcasting   | |  1.7
Translocations | |  2.6

Action                     || total
---------------------------++-------
  Melee: Falchion          ||    34
  Throw: Javelin           ||     2
    Use: Potion            ||     1
 Armour: Leather armour    ||     9
  Dodge: Dodged            ||    23
